cohdb
Replays
Latest Replays
All Replays
Popular Replays
Top Player Replays
Match Explorer
How It Works
Community
CoH3 Stats
Reddit
Sign in to upload your games and track your stats! →
Sign in with Steam
Match 31265190
Unlisted
Match 31265190
Overview
Messages
Build Orders
End
Pioneer Squad
Construct Infanterie Kompanie
Grenadier Squad
Selects Breakthrough Battlegroup
Selects Assault Grenadiers
Grenadier Squad
MG 42 Machine Gun Team
Grenadier Squad
Infanterie Officer Quarters
Construct Panzergrenadier Kompanie
Panzergrenadier Squad
Pak 40 Anti-tank Gun Team
Panzergrenadier Squad
Selects Rapid Production
Selects Breakthrough
Construct Panzer Kompanie
Selects Incendiary Bombing Run
Incendiary Bombing Run
Sturmpanzer IV Brummbär
Selects Blitzkrieg
Panzer IV Medium Tank
Blitzkrieg
Panzer IV Medium Tank
Blitzkrieg
Stoßtruppen Squad
Stoßtruppen Squad
Blitzkrieg
Selects Tiger Heavy Tank
el campo
Barka
Доктор Гувер[POINTRUNNER]
MaXiS
oki
.Mercury-uK
Tanzeel
breadstix
0
0
Comments
sign in to comment!
No comments posted yet!